 Dungeon Crawl Stone Soup version 0.21-a0-143-g1ab7d47 (webtiles) character file.

1402 drasked the Fighter (level 8, 0/78 HPs)
             Began as a Hill Orc Monk on July 25, 2017.
             Was a Believer of Beogh.
             Slain by an orc warrior
             ... wielding a +0 war axe
              (15 damage)
             ... on level 6 of the Dungeon.
             The game lasted 00:19:00 (7750 turns).

drasked the Fighter (Hill Orc Monk)                 Turns: 7750, Time: 00:19:01

Health: 0/78       AC: 10    Str: 16    XL:     8   Next: 69%
Magic:  8/8        EV: 10    Int: 10    God:    Beogh [**....]
Gold:   249        SH:  0    Dex: 13    Spells: 7/7 levels left

rFire    . . .     SeeInvis .   w - +0 flail (crush)
rCold    . . .     Gourm    .   (no shield)
rNeg     . . .     Faith    .   i - +0 scale mail
rPois    .         Spirit   .   (no helmet)
rElec    .         Reflect  .   (no cloak)
rCorr    .         Harm     .   j - +0 pair of gloves
MR       .....                  n - +0 pair of boots
Stlth    ..........             (no amulet)
HPRegen  0.23/turn              (no ring)
MPRegen  0.11/turn              (no ring)

@: no status effects
A: no striking features
a: Smiting, Renounce Religion


You were on level 6 of the Dungeon.
You worshipped Beogh.
Beogh was pleased with you.
You were near starving.

You visited 1 branch of the dungeon, and saw 7 of its levels.

You collected 337 gold pieces.
You spent 88 gold pieces at shops.

Inventory:

Hand Weapons
 w - a +0 flail of crushing (weapon)
   (You found it on level 6 of the Dungeon)
Armour
 i - a +0 scale mail (worn)
   (You found it on level 1 of the Dungeon)
 j - a +0 pair of gloves (worn)
   (You found it on level 2 of the Dungeon)
 n - a +0 pair of boots (worn)
   (You found it on level 2 of the Dungeon)
 y - the +1 scale mail "Gavuagif" {*Contam +Inv rElec rN+, unknown}
   (You found it on level 7 of the Dungeon)

   It insulates you from electricity.
   It protects you from negative energy.
   It lets you turn invisible.
   It causes magical contamination when unequipped.
Wands
 o - a wand of flame (27/48)
   (You found it on level 2 of the Dungeon)
 q - a wand of lightning (0/15)
   (You found it on level 4 of the Dungeon)
 s - a wand of flame (17/48)
   (You found it on level 5 of the Dungeon)
 t - a wand of polymorph (13/24)
   (You found it on level 6 of the Dungeon)
Scrolls
 d - 5 scrolls of remove curse
 e - 3 scrolls of enchant armour {unknown}
 h - 3 scrolls of enchant weapon
 l - 5 scrolls of identify
 m - 2 scrolls of fear
 v - a scroll of teleportation
 x - a scroll of fog {unknown}
Potions
 b - 3 potions of curing
 f - a potion of resistance {unknown}
 g - a potion of brilliance
 k - 2 potions of agility {unknown}
 p - a potion of berserk rage {unknown}
Comestibles
 a - 4 fruits
 c - 6 bread rations {@e1}
 r - 3 meat rations {@e2}


   Skills:
 + Level 9.2 Fighting
 + Level 8.7 Maces & Flails
 + Level 7.7 Armour
 - Level 2.4 Dodging
 - Level 1.5 Stealth


You had 7 spell levels left.
You didn't know any spells.

Dungeon Overview and Level Annotations

Branches:
Dungeon (7/15)
 Temple: D:4-7

Altars:
Dithmenos
Elyvilon
Makhleb
Okawaru
Sif Muna
Trog
Uskayaw
Yredelemnul
Zin
The Shining One

Shops:
D:4 !


Message History

You kill the killer bee!
Beogh accepts your kill.
The bolt of lightning hits the killer bee.
You kill the killer bee!
Beogh accepts your kill.
You can now smite your foes.
Evoking this partially-identified wand wasted a few charges.
You feel sick. The killer bee closely misses you.
You take 1 damage, and have 59/78 hp.
Aim: a killer bee You hear a mighty clap of thunder!
The bolt of lightning hits the killer bee.
Evoking this partially-identified wand wasted a few charges.
The killer bee closely misses you. The killer bee stings you.
An orc warrior comes into view. It is wielding a war axe.
You take 6 damage, and have 53/78 hp.
That's the wrong kind of item! (Use * to select it.)
You don't have any such object.
You don't have any such object.
You don't have any such object.
You don't have any such object.
You don't have any such object.
That's the wrong kind of item! (Use * to select it.)
You don't have any such object.
That's the wrong kind of item! (Use * to select it.)
Okay, then.
Unknown command.
Unknown command.
Unknown command.
Unknown command.
Unknown command.
Unknown command.
Unknown command.
Aim: a killer bee (severely wounded)
The puff of flame misses the killer bee.
Evoking this partially-identified wand wasted a few charges.
The killer bee stings you but does no damage. x2
A killer bee comes into view.
You feel sick.
An iguana comes into view.
The killer bee stings you.
You take 5 damage, and have 48/78 hp.
The killer bee closely misses you.
Nothing appears to happen.
You feel sick. The killer bee barely misses you.
The killer bee stings you but does no damage.
You take 1 damage, and have 47/78 hp.
The killer bee evaporates and reforms as an ooze!
Evoking this partially-identified wand wasted a few charges.
The ooze closely misses you.
You sock the ooze!
You kill the ooze!
Beogh accepts your kill.
You completely miss the orc warrior. You completely miss the orc warrior.
You feel sick.
The orc warrior hits you with a war axe.
You take 5 damage, and have 43/78 hp.
You closely miss the orc warrior.
The orc warrior hits you with a war axe!!
* * * LOW HITPOINT WARNING * * *
You take 20 damage, and have 23/78 hp.
MASSIVE DAMAGE!!
Okay, then.
An orc comes into view. It is wielding a short sword.
The orc shouts!
You are near starving!
You feel sick.
You take 1 damage, and have 23/78 hp.
There is a stone staircase leading up here.
The orc warrior hits you with a war axe!
* * * LOW HITPOINT WARNING * * *
The killer bee stings you but does no damage.
You climb upwards.
You feel sick.
You are no longer poisoned.
There is a stone staircase leading down here.
You take 10 damage, and have 13/78 hp.
You closely miss the orc warrior.
The orc warrior hits you but does no damage.
You feel much better.
You regained 17 hp, and now have 30/78 hp.
You hit the orc warrior.
The orc warrior hits you with a war axe!
* * * LOW HITPOINT WARNING * * *
You take 7 damage, and have 23/78 hp.
You closely miss the orc warrior.
The orc warrior hits you but does no damage.
You hit the orc warrior but do no damage.
The orc warrior hits you with a war axe.
* * * LOW HITPOINT WARNING * * *
You take 5 damage, and have 19/78 hp.
You barely miss the orc warrior. You closely miss the orc warrior.
The orc warrior hits you with a war axe.
* * * LOW HITPOINT WARNING * * *
You take 5 damage, and have 14/78 hp.
You hit the orc warrior.
The orc warrior hits you but does no damage.
You closely miss the orc warrior.
The orc warrior hits you with a war axe!
You die...
Beogh appreciates the orc warrior's killing of a heretic priest.

#.##.#..##..# #.#
#.#.....##..# #.#
#..########.######
#.## #....#.##...#
##.###....####...#
##.##...........#
##.#..###<###..#
#######.##########.###
#.......#....o@#.....#
#.#####.#..#####.....#
#.# #.##.# #.....# #.#
#.##.#####.....# ###.#
#.##...........#
..#.###
#.##..##########
#.#...###.#####
#.#.......#
......#####


You could see an orc warrior.

Vanquished Creatures
  Grinder (D:3)
  A hungry ghost (D:7)
  Duvessa (D:5)
  A phantom (D:5)
  An ice beast (D:5)
  An ogre (D:4)
  The ghost of p0werm0de the Magician, an amateur VSWz of Makhleb (D:4)
  Dowan (D:5)
  3 killer bees (D:7)
  A crimson imp (D:5)
  An orc wizard (D:4)
  An iguana (D:6)
  Ijyb (D:4)
  3 worker ants
  A hound skeleton (D:6)
  6 gnolls (D:4)
  A howler monkey zombie (D:5)
  6 adders
  2 oozes
  2 worms
  3 dart slugs
  2 leopard geckos (D:1)
  7 orcs
  5 bats
  3 giant cockroaches (D:4)
  11 goblins
  5 hobgoblins
  10 jackals
  2 ball pythons
  3 frilled lizards
  5 kobolds
  A leopard gecko skeleton (D:4)
  A quokka skeleton (D:4)
  6 rats
  A spectral orc (D:2)
101 creatures vanquished.

Vanquished Creatures (others)
  3 orcs (D:5)
3 creatures vanquished.

Grand Total: 104 creatures vanquished

Notes
Turn   | Place    | Note
-------+----------+-------------------------------------------
     0 | D:1      | drasked the Hill Orc Monk began the quest for the Orb.
     0 | D:1      | Reached XP level 1. HP: 19/19 MP: 1/1
   160 | D:1      | HP: 4/20 [dart slug/slug dart (4)]
   166 | D:1      | HP: 2/20 [dart slug (2)]
   167 | D:1      | Reached skill level 4 in Fighting
   167 | D:1      | Reached XP level 2. HP: 3/27 MP: 2/2
   185 | D:1      | Reached skill level 7 in Fighting
   185 | D:1      | Reached skill level 6 in Maces & Flails
   185 | D:1      | Reached skill level 5 in Armour
   185 | D:1      | Reached XP level 3. HP: 6/39 MP: 3/3
   185 | D:1      | HP: 5/39 [jackal (1)]
   191 | D:1      | HP: 3/39 [jackal (2)]
  1173 | D:2      | Found an iron altar of Okawaru.
  1410 | D:2      | Reached XP level 4. HP: 43/47 MP: 4/4
  2357 | D:2      | Found a basalt altar of Yredelemnul.
  2532 | D:3      | Reached skill level 7 in Maces & Flails
  2770 | D:3      | Found a burning altar of Makhleb.
  2786 | D:3      | Found a deep blue altar of Sif Muna.
  2788 | D:3      | Found a hide-covered altar of Uskayaw.
  2922 | D:3      | Noticed Grinder
  2927 | D:3      | Paralysed by Grinder for 5 turns
  2944 | D:3      | Paralysed by Grinder for 3 turns
  2949 | D:3      | Paralysed by Grinder for 2 turns
  2970 | D:3      | Paralysed by Grinder for 2 turns
  3010 | D:3      | Killed Grinder
  3010 | D:3      | Reached skill level 6 in Armour
  3010 | D:3      | Reached XP level 5. HP: 22/53 MP: 5/5
  3010 | D:3      | Reached XP level 6. HP: 26/61 MP: 6/6
  3193 | D:3      | Found a glowing silver altar of Zin.
  3194 | D:3      | Found a glowing golden altar of the Shining One.
  3195 | D:3      | Found a white marble altar of Elyvilon.
  3597 | D:4      | Reached skill level 8 in Fighting
  3791 | D:4      | Noticed p0werm0de's ghost (amateur VSWz)
  4167 | D:4      | Noticed Ijyb
  4263 | D:4      | Found Hin Wiwifa's Distillery.
  4279 | D:4      | Bought a potion of heal wounds for 55 gold pieces
  4279 | D:4      | Bought a potion of curing for 33 gold pieces
  4466 | D:4      | Reached XP level 7. HP: 66/68 MP: 7/7
  4661 | D:4      | Killed p0werm0de's ghost
  4750 | D:4      | HP: 1/69 [Ijyb/wand of lightning (?/15) (27)]
  4759 | D:4      | HP: 14/69 [jackal (1)]
  4828 | D:4      | Killed Ijyb
  5377 | D:4      | Reached skill level 8 in Maces & Flails
  5585 | D:5      | Entered Level 5 of the Dungeon
  5626 | D:5      | Noticed Dowan
  5627 | D:5      | Noticed Duvessa
  5663 | D:5      | Killed Duvessa
  5663 | D:5      | Reached skill level 7 in Armour
  5669 | D:5      | Killed Dowan
  5932 | D:5      | Reached XP level 8. HP: 72/75 MP: 8/8
  6004 | D:5      | Found a shadowy altar of Dithmenos.
  6382 | D:5      | Reached skill level 9 in Fighting
  6499 | D:5      | Found a bloodstained altar of Trog.
  6540 | D:5      | Became a worshipper of Beogh the Brigand
  6540 | D:5      | Reached * piety under Beogh
  6540 | D:5      | Reached ** piety under Beogh
  7557 | D:7      | Found a glowing golden altar of the Shining One.
  7658 | D:7      | Got an ancient scale mail
  7740 | D:7      | HP: 13/78 [orc warrior/war axe (10)]
  7746 | D:6      | HP: 19/78 [orc warrior/war axe (5)]
  7750 | D:6      | Slain by an orc warrior

Vault maps used:
D:1:      minmay_arrival_hallway, serial_aquarium, aquarium_bridge_square,
          aquarium_window_1, aquarium_window_2, aquarium_view_2b,
          aquarium_view_2d
D:2:      okawaru_trees_2, yredelemnul_forgotten_temple_becter,
          serial_co_window_serial, co_window_cross_1, co_window_paths_a,
          co_window_of_opportunity_a, co_window_paths_a, co_window_paths_a,
          co_window_paths_b, co_window_paths_a, co_window_paths_b,
          co_window_corner_a, co_window_unsneaky_path_a, co_window_cross_3,
          co_window_of_opportunity_b, co_window_paths_d, glass_columns_a,
          glass_columns_a, minmay_pentomino_z4
D:3:      good_gods_temple_1, grunt_temple_overflow_open, first_bread,
          uniq_grinder
D:4:      serial_shops, shop, patterned_corridor, uniq_ijyb
D:5:      grunt_dithmenos_shadows, lightli_temple_of_fire, lemuel_flame_loot_1,
          uniq_duvessa
D:6:      bh_chokoban
D:7:      nicolae_whirlpool, minmay_temple_entry_enclosed_plants,
          lemuel_statue_altar

Skill      XL: |  1  2  3  4  5  6  7  8 |
---------------+-------------------------+-----
Fighting       | 4 7 8 9 |  9.2
Maces & Flails | 6 7 8 |  8.7
Armour         | 5 6 7 |  7.7
Dodging        | |  2.4
Stealth        | |  1.5

Action                   |  1- 3 |  4- 6 |  7- 9 || total
-------------------------+-------+-------+-------++-------
Melee: Mace              |   107 |   211 |   161 ||   479
       Flail             |       |       |    43 ||    43
Invok: Smiting           |       |       |     1 ||     1
       Convert to Beogh  |       |       |     1 ||     1
Evoke: Wand              |       |       |     5 ||     5
  Use: Potion            |     2 |       |     4 ||     6
       Scroll            |     3 |     4 |       ||     7
 Stab: Sleeping          |     2 |       |       ||     2
  Eat: Chunk             |     1 |     8 |     5 ||    14
       Royal jelly       |       |     1 |     1 ||     2
       Bread ration      |       |       |     1 ||     1
       Fruit             |       |       |     6 ||     6
Armor: Robe              |    23 |       |       ||    23
       Scale mail        |     2 |    95 |   105 ||   202
Dodge: Dodged            |    77 |   106 |   105 ||   288

Vault maps used:
D:1:      minmay_arrival_hallway, serial_aquarium, aquarium_bridge_square,
          aquarium_window_1, aquarium_window_2, aquarium_view_2b,
          aquarium_view_2d
D:2:      okawaru_trees_2, yredelemnul_forgotten_temple_becter,
          serial_co_window_serial, co_window_cross_1, co_window_paths_a,
          co_window_of_opportunity_a, co_window_paths_a, co_window_paths_a,
          co_window_paths_b, co_window_paths_a, co_window_paths_b,
          co_window_corner_a, co_window_unsneaky_path_a, co_window_cross_3,
          co_window_of_opportunity_b, co_window_paths_d, glass_columns_a,
          glass_columns_a, minmay_pentomino_z4
D:3:      good_gods_temple_1, grunt_temple_overflow_open, first_bread,
          uniq_grinder
D:4:      serial_shops, shop, patterned_corridor, uniq_ijyb
D:5:      grunt_dithmenos_shadows, lightli_temple_of_fire, lemuel_flame_loot_1,
          uniq_duvessa
D:6:      bh_chokoban
D:7:      nicolae_whirlpool, minmay_temple_entry_enclosed_plants,
          lemuel_statue_altar

Table legend:
 A = Turns spent in this place as a percentage of turns spent in the entire game.
 B = Non-inter-level travel turns spent in this place as a percentage of non-inter-level travel turns spent in the entire game.
 C = Inter-level travel turns spent in this place as a percentage of turns spent in this place.
 D = Turns resting spent in this place as a percentage of non-inter-level travel turns spent in this place.
 E = Turns spent auto-exploring this place as a percentage of non-inter-level travel turns spent in this place.
 F = Non-inter-level travel turns spent in this place divided by the number of levels of this place that you've seen.
                   A       B       C       D       E      F
               +-------+-------+-------+-------+-------+----------------------
         Total | 100.0 | 100.0 |   0.8 |   1.5 |   8.9 | 292.9
       Dungeon | 100.0 | 100.0 |   0.8 |   1.5 |   8.9 | 292.9
               +-------+-------+-------+-------+-------+----------------------

Table legend:
 A = Kills in this place as a percentage of kills in entire the game.
 B = Kills by you in this place as a percentage of kills by you in the entire game.
 C = Kills by friends in this place as a percentage of kills by friends in the entire game.
 D = Other kills in this place as a percentage of other kills in the entire game.
 E = Experience gained in this place as a percentage of experience gained in the entire game.
 F = Experience gained in this place divided by the number of levels of this place that you have seen.
                   A       B       C       D       E      F
               +-------+-------+-------+-------+-------+----------------------
         Total | 100.0 | 100.0 |  -nan |  -nan | 100.0 | 282.3
       Dungeon | 100.0 | 100.0 |  -nan |  -nan | 100.0 | 282.3
               +-------+-------+-------+-------+-------+----------------------
